 Dungeon Crawl Stone Soup version 0.30-a0-618-gd6c86c23d0 (webtiles) character file.

Game seed: 9600088260362922791

1482 avis the Slasher (level 8, -3/66 HPs)
             Began as a Demigod Ice Elementalist on Jan 10, 2023.
             Slain by a kobold brigand
             ... wielding a +0 war axe
              (12 damage)
             ... in a bailey.
             The game lasted 00:57:02 (7229 turns).

avis the Slasher (Demigod Ice Elementalist)         Turns: 7229, Time: 00:57:02

Health: -3/66      AC:  9    Str: 14    XL:     8   Next: 25%
Magic:  6/15       EV: 14    Int: 17    God:
Gold:   581        SH:  0    Dex: 22    Spells: 6/13 levels left

rFire   x . .      SeeInvis .    a - +5 long sword "Vulow" {freeze, rF- Str+5}
rCold   . . .      Faith    .    (no shield)
rNeg    + . .      Spirit   .    o - +0 leather armour {rN+}
rPois   .          Reflect  .    (no helmet)
rElec   .          Harm     .    G - +0 cloak
rCorr   .          Rampage  .    (no gloves)
Will    .....                    L - +0 pair of boots
Stlth   ++                       D - amulet of regeneration
HPRegen 1.11/turn                (no ring)
MPRegen 0.14/turn                (no ring)

@: lethally poisoned (-3 -> -4), ice-armoured, freezing walls, slowed, very slow
A: high MP 1, forlorn, divine attributes
a: no special abilities


You were in a bailey.
You visited 2 branches of the dungeon, and saw 8 of its levels.
You also visited: Bailey.

You collected 581 gold pieces.

Inventory:

Hand Weapons
 a - the +5 long sword "Vulow" (weapon) {freeze, rF- Str+5}
   (You found it on level 2 of the Dungeon)

   Str:       It affects your strength (+5).
   rF:        It makes you vulnerable to fire.
 b - a +2 dagger of venom
 w - a +2 short sword of protection
Missiles
 c - 82 stones
 p - 2 throwing nets
 q - 12 boomerangs (quivered)
 N - 16 poisoned darts
Armour
 i - a +0 robe
 o - a +0 leather armour of positive energy (worn)
 G - a +0 cloak (worn)
 L - a +0 pair of boots (worn)
Jewellery
 D - an amulet of regeneration (around neck)
Wands
 g - a wand of polymorph (4)
 A - a wand of quicksilver (7)
Scrolls
 e - a scroll of vulnerability {unknown}
 j - 2 scrolls of blinking {unknown}
 r - 3 scrolls of teleportation {unknown}
 s - a scroll of noise {unknown}
 x - a scroll of summoning {unknown}
 y - 2 scrolls of enchant weapon {unknown}
 z - 2 scrolls of fear {unknown}
 E - a scroll of enchant armour {unknown}
 K - a scroll of acquirement {unknown}
 M - a scroll of torment {unknown}
Potions
 d - 2 potions of magic
 f - 3 potions of cancellation
 h - 2 potions of brilliance
 k - a potion of mutation {unknown}
 l - a potion of berserk rage {unknown}
 m - a potion of flight {unknown}
 n - 6 potions of curing
 t - 2 potions of resistance {unknown}
 u - 2 potions of lignification {unknown}
 B - a potion of haste {unknown}


   Skills:
 - Level 4.0 Fighting
 - Level 6.0 Long Blades
 * Level 4.6 Dodging
 - Level 2.0 Stealth
 - Level 3.0 Spellcasting
 - Level 5.0 Ice Magic


You had 6 spell levels left.
You knew the following spells:

 Your Spells              Type           Power      Damage    Failure   Level
a - Freeze                Ice            76%        1d8       2%          1
o - Ozocubu's Armour      Ice            19%        N/A       9%          3
r - Frozen Ramparts       Ice            38%        1d6       9%          3

Your spell library contained the following spells:

 Spells                   Type           Power      Damage    Failure   Level
 Hailstorm                Conj/Ice       11%        3d5       24%         3
 Summon Ice Beast         Ice/Summ       11%        N/A       61%         4
 Summon Forest            Summ/Tloc      1%         N/A       99%         5
 Conjure Ball Lightning   Conj/Air       1%         3x3d6     100%        6
 Eringya's Noxious Bog    Tmut/Pois      1%         N/A       100%        6
 Summon Hydra             Summ           1%         N/A       100%        7
 Discord                  Hex            1%         N/A       100%        8
 Disjunction              Tloc           1%         N/A       100%        8


Dungeon Overview and Level Annotations

Branches:
Dungeon (7/15)             Temple (1/1) D:5          Bailey (1/1)

Shops:
D:2 ((:=[

Annotations:
D:1 Fire isolated stash


Innate Abilities, Weirdness & Mutations

You have an increased reservoir of magic. (+10% MP)
You shall have no god before yourself.
Your divine heritage dramatically boosts your attributes as you level up.


Message History

Confirm with . or Enter, or press ? or * to list all spells.
A film of ice covers your body!
You feel very sick.
The kobold brigand throws a poisoned dart.
The poisoned dart hits you!
You are more poisoned.
Casting: Ozocubu's Armour (dangerous; 9% risk of failure)
Confirm with . or Enter, or press ? or * to list all spells.
Casting: Frozen Ramparts (dangerous; 9% risk of failure)
Press: ? - help, Dir - look around, f - activate
Okay, then.
Your icy armour will break if you move.
Continue?
Your icy armour cracks and falls away as you move.
You feel very sick.
The kobold brigand hits you with a +0 war axe.
The kobold brigand closely misses you.
Casting: Frozen Ramparts (dangerous; 9% risk of failure)
Confirm with . or Enter, or press ? or * to list all spells.
A film of ice covers your body!
You feel very sick.
The orc warrior hits you with a +0 war axe.
* * * LOW HITPOINT WARNING * * *
The kobold brigand barely misses you.
The kobold brigand hits you with a +0 war axe.
* * * LOW HITPOINT WARNING * * *
The orc warrior hits you but does no damage.
The kobold brigand hits you with a +0 war axe.
* * * LOW HITPOINT WARNING * * *
The kobold brigand barely misses you.
Casting: Ozocubu's Armour (dangerous; 9% risk of failure)
Confirm with . or Enter, or press ? or * to list all spells.
Casting: Frozen Ramparts (dangerous; 9% risk of failure)
Press: ? - help, Dir - look around, f - activate The walls around you are covered in ice.
You feel very sick.
The wall freezes the orc warrior but does no damage.
The orc warrior misses you. The kobold brigand barely misses you.
The wall freezes the kobold brigand.
The kobold brigand hits you with a +0 war axe!
You die...

...... ....... ......
.... ... ###'###
##.Ko..## #..@8...#
#∩..K..∩# ##.....##
####'''####
##~.......~##
#####~~.......~~#####
#....~~.......~~....#
#.###~~.......~~###.#
#....~~.......~~....#


You could see an orc warrior and 2 kobold brigands.

Vanquished Creatures
  2 ice beasts (D:6)
  2 sky beasts (D:7)
  2 ogres
  A phantom (D:5)
  3 kobold brigands (Bailey)
  A bullfrog (D:5)
  A necrophage (D:4)
  2 scorpions (D:6)
  A killer bee (D:7)
  A crimson imp (D:5)
  An orc priest (D:4)
  A hound (D:5)
  A jelly (D:6)
  2 iguanas
  Ijyb (D:5)
  A gnoll (D:1)
  4 adders
  A shadow imp (D:5)
  2 white imps
  An ufetubus (D:4)
  3 worms
  2 dart slugs
  15 orcs
  12 ball pythons
  3 endoplasms
  6 giant cockroaches
  12 goblins
  5 hobgoblins
  4 jackals (D:3)
  15 kobolds
  8 quokkas
  4 bats
  3 frilled lizards
  8 rats
131 creatures vanquished.

Vanquished Creatures (others)
  2 plants (D:3)
2 creatures vanquished.

Grand Total: 133 creatures vanquished

Notes
Turn   | Place    | Note
-------+----------+-------------------------------------------
     0 | D:1      | avis the Demigod Ice Elementalist began the quest for the
                  | Orb.
     0 | D:1      | Reached XP level 1. HP: 14/14 MP: 5/5
    83 | D:1      | Reached XP level 2. HP: 20/20 MP: 5/7
  1251 | D:2      | Found Etiuclur's Weapon Emporium.
  1285 | D:2      | Found Ezxasm's Weapon Emporium.
  1300 | D:2      | Reached XP level 3. HP: 27/27 MP: 9/9
  1307 | D:2      | Reached skill level 1 in Fighting
  1342 | D:2      | Found Gurat's Book Emporium.
  1571 | D:2      | Found Paluatti's Jewellery Boutique.
  1709 | D:2      | Identified the +5 long sword "Vulow" {freeze, rF- Str+5}
  1781 | D:2      | Learned a level 3 spell: Frozen Ramparts
  1785 | D:2      | Learned a level 3 spell: Ozocubu's Armour
  1999 | D:2      | Found Ajicsur's Armour Boutique.
  2088 | D:3      | You fall into a shaft and drop 2 floors!
  2088 | D:5      | Entered Level 5 of the Dungeon
  2089 | D:5      | Noticed Ijyb
  2157 | D:5      | Found a staircase to the Ecumenical Temple.
  2197 | Temple   | Entered the Ecumenical Temple
  2323 | D:5      | Noticed a bullfrog
  2338 | D:5      | Killed a bullfrog
  2339 | D:5      | Reached skill level 2 in Long Blades
  2339 | D:5      | Reached XP level 4. HP: 36/36 MP: 0/10
  2666 | D:3      | Reached XP level 5. HP: 36/41 MP: 12/12
  3865 | D:4      | Reached skill level 5 in Ice Magic
  4018 | D:4      | Reached XP level 6. HP: 50/50 MP: 6/13
  4881 | D:5      | Reached skill level 3 in Long Blades
  5164 | D:5      | Killed Ijyb
  5387 | D:5      | Reached skill level 4 in Long Blades
  5456 | D:5      | Reached XP level 7. HP: 57/57 MP: 8/14
  6903 | D:7      | Found a flagged portal.
  6913 | D:7      | Reached skill level 5 in Long Blades
  6923 | D:7      | Reached XP level 8. HP: 64/66 MP: 4/15
  6928 | Bailey   | Entered a bailey
  7028 | Bailey   | Reached skill level 6 in Long Blades
  7229 | Bailey   | Slain by a kobold brigand

Illustrated notes

Levels and vault maps discovered:
D:1:      dpeg_arrival_boxorama, layout_basic, lemuel_flame_loot_1
D:2:      layout_basic, basic_altar, serial_shops, nicolae_shop_behind_doors,
          shop, shop, nicolae_shop_bloodbath_and_beyond,
          nicolae_shop_hallway_stairs
D:3:      cheibrodos_helix_gallery, layout_rooms, cheibriados_altar_1,
          amcnicky_mini_corridor_feature, guppyfry_early_lair_pool
D:4:      layout_gridville, corexii_item_surrounded_by_moat
D:5:      layout_cave_pods, grunt_temple_overflow_lords_of_destruction,
          grunt_dithmenos_shadows, lemuel_temple_firewalk_a, uniq_ijyb
D:6:      layout_basic
D:7:      layout_rooms, enter_bailey_3
Temple:   eino_narrow_crystal_temple
Bailey:   bailey_axe_3, bailey

Skill      XL: |  1  2  3  4  5  6  7  8 |
---------------+-------------------------+-----
Ice Magic      | 4 5 |  5.0
Spellcasting   | 2 3 |  3.0
Fighting       | 2 3 4 |  4.0
Long Blades    | 2 4 5 6 |  6.0
Dodging        | 2 4 |  4.6
Stealth        | 2 |  2.0

Action                   |  1- 3 |  4- 6 |  7- 9 || total
-------------------------+-------+-------+-------++-------
Melee: Short sword       |    48 |       |       ||    48
       Long sword        |     9 |    95 |    47 ||   151
       Dagger            |     3 |       |       ||     3
       Punch             |       |     1 |     1 ||     2
Throw: Stone             |     4 |       |       ||     4
       Dart              |       |     4 |     4 ||     8
       Boomerang         |       |       |     9 ||     9
 Cast: Freeze            |    31 |       |       ||    31
       Frozen Ramparts   |     1 |    20 |    11 ||    32
       Ozocubu's Armour  |     1 |    18 |    13 ||    32
Evoke: Wand              |       |     1 |       ||     1
  Use: Scroll            |     1 |       |     4 ||     5
 Stab: Sleeping          |     9 |     2 |     1 ||    12
Armor: Robe              |    12 |    27 |     1 ||    40
       Leather armour    |       |       |    21 ||    21
Dodge: Dodged            |    44 |    65 |    36 ||   145
Block: Other             |     3 |    21 |       ||    24
       Reflection        |       |     1 |       ||     1

Table legend: (Time is in decaauts)
 A = Elapsed time spent in this place.
 B = Non-inter-level travel time spent in this place.
 C = Inter-level travel time spent in this place.
 D = Time resting spent in this place.
 E = Time spent auto-exploring this place.
 F = Levels seen in this place.
 G = Mean time per level.
                   A        B        C        D        E       F      G
               +--------+--------+--------+--------+--------+-----+--------+
         Total |   7277 |   6679 |    598 |   1852 |   2458 |   9 |  808.6 |
       Dungeon |   6935 |   6338 |    597 |   1727 |   2458 |   7 |  990.7 |
        Temple |     27 |     26 |      1 |      0 |      0 |   1 |   27.0 |
        Bailey |    314 |    314 |      0 |    125 |      0 |   1 |  314.0 |
               +--------+--------+--------+--------+--------+-----+--------+

Top non-repeatable levels by time:
     D:5: 1571 daAuts
     D:1: 1250 daAuts
     D:4: 1218 daAuts
     D:3: 1039 daAuts
     D:2: 915 daAuts
     D:6: 859 daAuts
  Bailey: 314 daAuts
     D:7: 81 daAuts
  Temple: 27 daAuts
